 Dungeon Crawl Stone Soup version 0.23.0 (webtiles) character file.

Game seed: 16236429903404829058

116 Bepis the Covered (level 5, 0/41 HPs)
             Began as a Human Fighter on Feb 14, 2019.
             Slain by Sigmund
             ... wielding a +0 scythe
              (11 damage)
             ... on level 3 of the Dungeon.
             The game lasted 00:08:56 (1994 turns).

Bepis the Covered (Human Fighter)                   Turns: 1994, Time: 00:08:56

Health: 0/41       AC:  7    Str: 19 (22) XL:     5   Next: 20%
Magic:  5/5        EV: 13    Int:  6 (8)  God:
Gold:   123        SH:  9    Dex: 11 (13) Spells: 4/4 levels left

rFire    + . .     SeeInvis .   a - +0 war axe
rCold    + . .     Gourm    .   c - +0 shield
rNeg     . . .     Faith    .   b - +1 scale mail
rPois    +         Spirit   .   (no helmet)
rElec    +         Reflect  .   (no cloak)
rCorr    +         Harm     .   (no gloves)
MR       .....                  (no boots)
Stlth    ..........             (no amulet)
HPRegen  0.13/turn              g - +6 ring of evasion
MPRegen  0.09/turn              (no ring)

@: mighty, resistant
A: no striking features
a: no special abilities


You were on level 3 of the Dungeon.
You were not hungry.

You visited 1 branch of the dungeon, and saw 3 of its levels.

You collected 123 gold pieces.

Inventory:

Hand Weapons
 a - a +0 war axe (weapon)
Missiles
 i - 3 tomahawks (quivered)
Armour
 b - a +1 scale mail (worn)
 c - a +0 shield (worn)
Jewellery
 g - a +6 ring of evasion (left hand)
Scrolls
 j - 2 scrolls of identify
Potions
 e - a potion of brilliance
 k - a potion of resistance
Comestibles
 f - 3 rations


   Skills:
 + Level 3.4 Fighting
 + Level 3.4 Axes
 + Level 3.6 Armour
 + Level 0.3 Dodging
 + Level 3.6 Shields


You had 4 spell levels left.
You didn't know any spells.
Your spell library was empty.

Dungeon Overview and Level Annotations

Branches:
Dungeon (3/15)

Altars:

Annotations:
D:3 Sigmund


Message History

Something hits you.
Things that are here:
a +0 club; a +0 leather armour Your shield and scale mail prevent you from hitting something.
Something barely misses you.
You barely miss something. Something hits you but does no damage.
You miss something. You block something's attack.
You closely miss something. Something hits you but does no damage.
You miss something. Something hits you but does no damage.
You hit something. Something hits you!
You barely miss something. Something hits you!
* * * LOW HITPOINT WARNING * * *
As you read the scroll labeled ESICOKL WACWU, it crumbles to dust.
You feel aware of your surroundings.
You sensed 3 altars.
It was a scroll of magic mapping.
Something hits you but does no damage.
You feel protected.
You feel very mighty all of a sudden. You block something's attack.
You closely miss something. Something hits you!
You die...

** ##########** *,
##.........,** *,
##..........,,** *,
#...........,,,*****,
#...........,,,,,,,,,
#$..........,,,*****,
#...).......,,,* *,
#..)@{......,,,* **,
##..<.......,,*****,,
##....^....,,,,,,,,,
#######...,,,,,,***
**,..,,,,,,* *
**,,,.,,,,,,***
*,,,,,,,,,,,,,,
*,*,,,,,,,,,,,,
*****,*,,,,,,,,**,,


There were no monsters in sight!

Vanquished Creatures
  3 adders
  2 oozes (D:2)
  4 worms (D:2)
  3 dart slugs
  3 leopard geckos
  An orc (D:3)
  3 ball pythons (D:1)
  3 giant cockroaches (D:1)
  4 goblins
  6 hobgoblins
  4 quokkas (D:2)
  9 bats
  3 frilled lizards
  6 kobolds
  7 rats
61 creatures vanquished.

Notes
Turn   | Place    | Note
-------+----------+-------------------------------------------
     0 | D:1      | Bepis the Human Fighter began the quest for the Orb.
     0 | D:1      | Reached XP level 1. HP: 18/18 MP: 1/1
   148 | D:1      | Reached XP level 2. HP: 21/24 MP: 2/2
   272 | D:1      | Reached XP level 3. HP: 27/29 MP: 3/3
   842 | D:2      | Reached XP level 4. HP: 35/35 MP: 4/4
  1769 | D:2      | Reached XP level 5. HP: 39/41 MP: 5/5
  1971 | D:3      | Noticed Sigmund
  1994 | D:3      | Slain by Sigmund

Skill      XL: |  1  2  3  4 |
---------------+-------------+-----
Axes           | 3 |  3.4
Fighting       | |  3.4
Armour         | |  3.6
Dodging        | |  0.3
Shields        | |  3.6

Action                   |  1- 3 |  4- 6 || total
-------------------------+-------+-------++-------
Melee: War axe           |    87 |   103 ||   190
  Use: Scroll            |     4 |     3 ||     7
       Potion            |     2 |     6 ||     8
  Eat: Ration            |       |     1 ||     1
       Chunk             |       |     1 ||     1
Armor: Ring mail         |    25 |       ||    25
       Scale mail        |       |    35 ||    35
Dodge: Dodged            |    74 |    70 ||   144
Block: Shield            |    57 |    53 ||   110
